 Dungeon Crawl Stone Soup version 0.29.0-13-gc9e81de378 (webtiles) character file.

Game seed: 2905292832378806901

30045 groovy9 the Severer (level 13, -9/114 (115) HPs)
             Began as a Minotaur Fighter on Sept 9, 2022.
             Was a High Priest of Okawaru.
             Mangled by a sun demon (14 damage)
             ... summoned by an orc sorcerer
             ... on level 2 of the Orcish Mines.
             The game lasted 00:58:18 (13424 turns).

groovy9 the Severer (Minotaur Fighter)             Turns: 13424, Time: 00:58:18

HP:   -9/114 (115)  AC: 24    Str: 33    XL:     13   Next: 18%
MP:   7/7           EV: 11    Int:  4    God:    Okawaru [*****.]
Gold: 1444          SH: 16    Dex: 12    Spells: 12/12 levels left

rFire   . . .      SeeInvis .   a - +6 broad axe "Vexterom" {antimagic, Str+3 Dex+3}
rCold   + . .      Faith    .   d - +0 tower shield
rNeg    . . .      Spirit   .   t - +10 scale mail "Huafat" {rC+ Will++}
rPois   .          Reflect  .   (helmet restricted)
rElec   .          Harm     .   l - +0 cloak
rCorr   .          Rampage  .   (no gloves)
Will    ++...                   z - +1 pair of boots
Stlth   ..........              p - amulet of Vitality {RegenMP++ Regen++}
HPRegen 1.89/turn               q - ring of magical power
MPRegen 0.90/turn               E - ring of flight

@: about to teleport, flying, studying Axes, lightly drained
A: horns 2, retaliatory headbutt, iridescent scales 1, strong 1
a: Renounce Religion, Heroism, Finesse, Duel


You were on level 2 of the Orcish Mines.
You worshipped Okawaru.
Okawaru was extremely pleased with you.
You visited 3 branches of the dungeon, and saw 12 of its levels.
You also visited: Ossuary and Bailey.

You collected 1519 gold pieces.
You spent 75 gold pieces at shops.

Inventory:

Hand Weapons
 a - the +6 broad axe "Vexterom" (weapon) {antimagic, Str+3 Dex+3}
   (Okawaru gifted it to you on level 2 of the Orcish Mines)

   It reduces the magical energy of the wielder, and disrupts the spells and
   magical abilities of those it strikes.
   Natural abilities and divine invocations are not affected.
   Str:       It affects your strength (+3).
   Dex:       It affects your dexterity (+3).
 b - a +2 war axe of flaming
Missiles
 h - 2 silver boomerangs
 k - 4 silver javelins
 y - 2 throwing nets
 A - 2 boomerangs of dispersal
 B - 36 boomerangs (quivered)
 F - 5 javelins
Armour
 d - a +0 tower shield (worn)
 l - a +0 cloak (worn)
 t - the +10 scale mail "Huafat" (worn) {rC+ Will++}
   (Okawaru gifted it to you on level 8 of the Dungeon)

   rC:        It protects you from cold.
   Will:      It greatly increases your willpower.
 z - a +1 pair of boots (worn)
Jewellery
 p - the amulet of Vitality (around neck) {RegenMP++ Regen++}
   (You found it on level 7 of the Dungeon)

   [amulet of magic regeneration]

   It increases your rate of magic regeneration.
   Regen:     It increases your rate of health regeneration.
 q - a ring of magical power (left hand)
 E - a ring of flight (right hand)
Wands
 w - a wand of flame (34)
Scrolls
 c - 4 scrolls of fog
 e - 2 scrolls of teleportation
 m - a scroll of blinking
 s - 2 scrolls of identify
 C - 3 scrolls of fear
Potions
 f - a potion of invisibility
 g - 6 potions of curing
 i - 3 potions of degeneration
 j - 4 potions of berserk rage
 n - 2 potions of flight
 r - 3 potions of cancellation
 u - 5 potions of mutation
 v - a potion of attraction
 x - 2 potions of heal wounds
 G - a potion of might
Miscellaneous
 D - a phial of floods


   Skills:
 + Level 10.8 Fighting
 * Level 17.6 Axes
 + Level 6.2 Throwing
 + Level 10.9 Armour
 + Level 9.2 Dodging
 + Level 10.8 Shields


You had 12 spell levels left.
You didn't know any spells.
Your spell library contained the following spells:

 Spells                   Type           Power      Damage    Failure   Level
 Sublimation of Blood     Necr           0%         N/A       100%        2
 Wereblood                Tmut           0%         N/A       100%        2
 Dazzling Flash           Conj/Hex       0%         N/A       100%        3
 Agony                    Necr           0%         N/A       100%        5
 Silence                  Hex/Air        0%         N/A       100%        5
 Summon Small Mammal      Summ           Unusable   N/A       N/A         1
 Call Canine Familiar     Summ           Unusable   N/A       N/A         3
 Summon Guardian Golem    Hex/Summ       Unusable   N/A       N/A         3
 Summon Hydra             Summ           Unusable   N/A       N/A         7

Dungeon Overview and Level Annotations

Branches:
Dungeon (9/15)             Temple (1/1) D:5             Orc (2/2) D:9
    Elf (0/3) Orc:2       Ossuary (visited)          Bailey (visited)
   Lair: D:8-11

Altars:
Cheibriados
Dithmenos
Elyvilon
Fedhas
Gozag
Hepliaklqana
Kikubaaqudgha
Makhleb
Nemelex Xobeh
Okawaru
Qazlal
Ru
Sif Muna
Trog
Vehumet
Xom
Zin
The Shining One
Jiyva

Shops:
D:6 *   Orc:2 :


Innate Abilities, Weirdness & Mutations

You have a pair of horns on your head.
You reflexively headbutt those who attack you in melee.
You are partially covered in iridescent scales. (AC +2)
Your muscles are strong. (Str +4, Int/Dex -1)


Message History

You closely miss the orc high priest. You headbutt the orc high priest!
The orc high priest is severely wounded.
An orc wizard comes into view. It is wielding a +0 dagger.
You slice the orc high priest!!
Your headbutt misses the orc high priest.
The orc high priest is almost dead.
You barely miss the orc knight.
The orc high priest hits you but does no damage.
You feel drained. You block the orc knight's attack.
The orc sorcerer gestures wildly while chanting.
You slice the orc high priest!!
You kill the orc high priest!
Okawaru accepts your kill.
You closely miss the orc knight.
The orc knight hits you with a +0 long sword!!
You closely miss the orc knight. You headbutt the orc knight.
The orc knight is lightly wounded.
The orc knight closely misses you.
The orc sorcerer gestures wildly while chanting.
You slash the orc knight! Your headbutt misses the orc knight.
The orc knight is moderately wounded.
The orc sorcerer no longer looks unusually strong.
As you read the scroll of teleportation, it crumbles to dust.
You feel strangely unstable.
The orc warrior no longer looks unusually strong.
The smoke demon gestures at you. Beogh smites you! The sun demon hits you!!
* * * LOW HITPOINT WARNING * * *
You are engulfed in flames!
* * * LOW HITPOINT WARNING * * *
The orc wizard gestures wildly while chanting.
The orc wizard flickers and vanishes!
The orc sorcerer points at you and mumbles some strange words.
You resist with almost no effort. The orc knight completely misses you.
The orc knight attacks as you move away!
You block the orc knight's attack. The sun demon attacks as you move away!
The sun demon hits you!
* * * LOW HITPOINT WARNING * * *
You are engulfed in flames!
You die...

##...........# ######
#...........# ##..oo#####
#...........# ##..##oo4..##
##...........# #..##..3....#
#............###.##.oo##o#.∩#
#............##..##..## .# .#
##...........##.##... oo
##.#.........##.##... o.#
#...........@##.##... ...
#..........o3##)#####o. o.o#
#...........)ooo.3{..3. o...
#............##o#####..
##...........##.#
#............##.#
#...........###.#
#...........###..
#...#........###.


You could see an orc knight (strong), a sun demon (summoned) and an orc
sorcerer.

Vanquished Creatures
  An orc warlord (Bailey)
  Azrael (Orc:2)
  A two-headed ogre (D:8)
  An orc high priest (Orc:2)
  Urug (Orc:1)
  The ghost of Caestello the Stinger, a novice FoVM of Nemelex Xobeh (D:8)
  2 deep trolls (D:7)
  The ghost of turdburglar the Grappler, a novice TrFi (D:7)
  5 orc knights
  8 orc sorcerers
  2 trolls
  2 hornets (D:9)
  2 slime creatures (D:8)
  A wraith (D:8)
  3 wyverns
  3 fire elementals (Orc:2)
  2 steam dragons
  A vampire mosquito (D:8)
  An acid dragon (D:9)
  3 water moccasins
  3 hell hounds
  4 ice beasts
  3 sky beasts
  27 orc warriors
  A black bear (D:5)
  2 centaurs
  5 ogres
  2 phantoms
  4 kobold brigands
  5 bullfrogs
  2 gnoll sergeants
  4 scorpions
  6 wights
  6 killer bees (D:8)
  4 howler monkeys
  6 jellies
  21 orc priests
  3 hounds
  Crazy Yiuf (D:2)
  A gnoll bouda (Orc:2)
  5 iguanas
  22 orc wizards
  8 mummies (Ossuary)
  21 gnolls
  4 adders
  2 white imps
  2 ufetubi (D:5)
  3 worms
  2 dart slugs
  54 orcs
  4 ball pythons
  5 endoplasms
  4 giant cockroaches
  2 gnoll zombies (Ossuary)
  11 goblins
  5 hobgoblins
  6 jackals (D:1)
  5 quokkas
  2 bats
  3 frilled lizards
  2 hobgoblin zombies (Ossuary)
  36 kobolds
  2 kobold zombies (Ossuary)
  2 orc zombies (Ossuary)
  6 rats
370 creatures vanquished.

Vanquished Creatures (others)
  An orc (D:7)
1 creature vanquished.

Grand Total: 371 creatures vanquished

Notes
Turn   | Place    | Note
-------+----------+-------------------------------------------
     0 | D:1      | groovy9 the Minotaur Fighter began the quest for the Orb.
     0 | D:1      | Reached XP level 1. HP: 19/19 MP: 0/0
   188 | D:1      | Reached skill level 3 in Axes
   255 | D:1      | Reached XP level 2. HP: 25/26 MP: 1/1
   303 | D:1      | Found a faded altar of an unknown god.
   333 | D:1      | Reached skill level 4 in Axes
   655 | D:1      | Reached XP level 3. HP: 31/31 MP: 2/2
  1443 | D:2      | Reached skill level 5 in Axes
  1765 | D:2      | Found a runed translucent door.
  1766 | D:2      | Noticed Crazy Yiuf
  1771 | D:2      | Killed Crazy Yiuf
  1772 | D:2      | Reached XP level 4. HP: 29/39 MP: 3/3
  2022 | D:3      | Found a snail-covered altar of Cheibriados.
  2500 | D:3      | Noticed a water moccasin
  2504 | D:3      | Reached skill level 6 in Axes
  2516 | D:3      | Killed a water moccasin
  2517 | D:3      | Reached skill level 7 in Axes
  2517 | D:3      | Reached XP level 5. HP: 10/45 MP: 4/4
  3018 | D:4      | Reached skill level 8 in Axes
  3018 | D:4      | Reached XP level 6. HP: 41/51 MP: 5/5
  3275 | D:4      | Found a stormy altar of Qazlal.
  3309 | D:4      | Reached skill level 1 in Dodging
  3428 | D:4      | Reached XP level 7. HP: 25/59 MP: 6/6
  4139 | D:5      | Entered Level 5 of the Dungeon
  4150 | D:4      | Reached skill level 9 in Axes
  4228 | D:4      | Reached XP level 8. HP: 15/67 MP: 7/7
  4596 | D:5      | Reached skill level 5 in Fighting
  4664 | D:5      | Reached skill level 5 in Shields
  4671 | D:5      | Reached skill level 5 in Armour
  4869 | D:5      | Found a staircase to the Ecumenical Temple.
  4879 | Temple   | Entered the Ecumenical Temple
  4884 | Temple   | Became a worshipper of Warmaster Okawaru
  5319 | D:6      | Found Xief's General Store.
  5329 | D:6      | Bought a scroll of enchant armour for 75 gold pieces
  5342 | D:6      | Reached skill level 10 in Axes
  5494 | D:6      | HP: 3/69 [steam dragon/ball of steam (3)]
  5498 | D:6      | Reached * piety under Okawaru
  6193 | D:6      | Reached XP level 9. HP: 72/75 MP: 8/8
  6537 | D:7      | Found a runed translucent door.
  6537 | D:7      | Noticed turdburglar's ghost (novice TrFi)
  6546 | D:7      | Found a sand-covered staircase.
  6562 | Ossuary  | Entered an ossuary
  7386 | D:7      | Reached skill level 11 in Axes
  7558 | D:7      | Reached ** piety under Okawaru
  8103 | D:7      | Reached skill level 5 in Dodging
  8168 | D:7      | Noticed a deep troll
  8182 | D:7      | Killed a deep troll
  8249 | D:7      | Noticed a deep troll
  8465 | D:7      | Killed a deep troll
  8465 | D:7      | Reached *** piety under Okawaru
  8466 | D:7      | Reached skill level 12 in Axes
  8466 | D:7      | Reached XP level 10. HP: 67/86 MP: 6/9
  8687 | D:7      | Found the amulet of Vitality {RegenMP++ Regen++}
  9060 | D:7      | Killed turdburglar's ghost
  9100 | D:8      | Found a radiant altar of Vehumet.
  9214 | D:8      | Found a flagged portal.
  9221 | Bailey   | Entered a bailey
  9226 | Bailey   | Noticed an orc warlord
  9368 | Bailey   | Found a runed translucent gate.
  9369 | Bailey   | Found a runed translucent gate.
  9371 | Bailey   | Found a runed translucent gate.
  9523 | Bailey   | Killed an orc warlord
  9524 | Bailey   | Reached skill level 1 in Throwing
  9593 | D:8      | Reached **** piety under Okawaru
  9715 | D:8      | Reached skill level 13 in Axes
  9836 | D:8      | Found a blossoming altar of Fedhas.
  9990 | D:8      | Noticed a two-headed ogre
 10000 | D:8      | Killed a two-headed ogre
 10000 | D:8      | Reached ***** piety under Okawaru
 10001 | D:8      | Reached XP level 11. HP: 82/95 MP: 10/10
 10020 | D:8      | Identified the +10 scale mail "Huafat" {rC+ Will++}
                  | (Okawaru gifted it to you on level 8 of the Dungeon)
 10020 | D:8      | Received a gift from Okawaru
 10299 | D:8      | Found a runed translucent gate.
 10304 | D:8      | Found a runed translucent gate.
 10304 | D:8      | Found a runed translucent gate.
 10304 | D:8      | Noticed Caestello's ghost (novice FoVM)
 10307 | D:8      | Found a viscous altar of Jiyva.
 10799 | D:8      | Killed Caestello's ghost
 10894 | D:8      | Reached skill level 15 in Axes
 10894 | D:8      | Reached XP level 12. HP: 106/106 MP: 11/11
 10937 | D:9      | Found a staircase to the Orcish Mines.
 11010 | D:9      | Paralysed by a hornet for 3 turns
 11288 | D:9      | Found an ancient bone altar of Kikubaaqudgha.
 11366 | D:9      | Found an opulent altar of Gozag.
 11405 | D:9      | Found a hazy altar of Hepliaklqana.
 11406 | D:9      | Found a shimmering altar of Xom.
 11687 | Orc:1    | Entered Level 1 of the Orcish Mines
 11695 | D:9      | Gained mutation: Your mind is acute. (Int +4, Str/Dex -1)
                  | [potion of mutation]
 11695 | D:9      | Gained mutation: Your muscles are strong. (Str +4, Int/Dex
                  | -1) [potion of mutation]
 11695 | D:9      | Lost mutation: Your mind is acute. (Int +4, Str/Dex -1)
                  | [potion of mutation]
 11695 | D:9      | Gained mutation: You are partially covered in iridescent
                  | scales. (AC +2) [potion of mutation]
 11806 | Orc:2    | Entered Level 2 of the Orcish Mines
 11847 | Orc:2    | Reached skill level 10 in Armour
 11902 | Orc:2    | Reached skill level 5 in Throwing
 11962 | Orc:2    | Reached skill level 10 in Fighting
 12000 | Orc:2    | Reached skill level 10 in Shields
 12018 | Orc:2    | Noticed Azrael
 12036 | Orc:1    | Noticed Urug
 12054 | Orc:1    | Reached skill level 16 in Axes
 12060 | Orc:1    | Killed Urug
 12386 | Orc:1    | Received a gift from Okawaru
 12679 | Orc:2    | Found a staircase to the Elven Halls.
 12747 | Orc:2    | Killed Azrael
 12748 | Orc:2    | Reached skill level 17 in Axes
 12784 | Orc:2    | Reached XP level 13. HP: 110/114 MP: 12/12
 12959 | Orc:2    | Identified the +6 broad axe "Vexterom" {antimagic, Str+3
                  | Dex+3} (Okawaru gifted it to you on level 2 of the Orcish
                  | Mines)
 12959 | Orc:2    | Received a gift from Okawaru
 13218 | Orc:2    | Found Ugiamp's Book Shop.
 13424 | Orc:2    | HP: 5/114 [sun demon[an orc sorcerer] (11)]
 13424 | Orc:2    | Mangled by a sun demon

Illustrated notes

Levels and vault maps discovered:
D:1:      saegor_arrival_simple_b, layout_basic,
          chequers_ecumenical_altar_island, minmay_tromino_mix6
D:2:      layout_basic, uniq_crazy_yiuf_cottage
D:3:      layout_loops_corners, slow_altar_1, minmay_bisected
D:4:      layout_gridville, mainiacjoe_overflow_cross_hatched
D:5:      layout_rooms, minmay_temple_entry_crystal_x
D:6:      layout_cave_pools, serial_shops, shop
D:7:      layout_layer_cave, hellmonk_ghost_happy_afterlife,
          nicolae_ossuary_entry_monument,
          hellmonk_guarded_unrand_vitality_bloodlust
D:8:      layout_loops_corners, vehumet_altar_wand_db, fedhas_altar_fruit_tree,
          enter_bailey_2, gammafunk_ghost_ooze, nicolae_hexahallways,
          nrook_uturn, supply_closet_lemuel, minmay_manual_moon
D:9:      layout_roguey, regret_index_temple_of_mockery,
          mainiacjoe_overflow_alcove_4, mainiacjoe_overflow_alcove_2
Temple:   hellmonk_temple_micro_hex
Orc:1:    layout_caves, nicolae_orc_flooded_monolith, uniq_urug
Orc:2:    st_orc_elflike, layout_diamond_mine, minmay_orc_temple_b, uniq_azrael

Skill      XL: |  1  2  3  4  5  6  7  8  9 10 11 12 13 |
---------------+----------------------------------------+-----
Axes           | 3 4 5 7 8 9 10 12 13 15 17 | 17.6
Fighting       | 4 5 7 8 9 10 | 10.8
Dodging        | 1 2 4 5 6 8 9 |  9.2
Shields        | 4 5 7 8 9 10 | 10.8
Armour         | 4 5 7 8 9 10 | 10.9
Throwing       | 2 4 5 6 |  6.2

Action                   |  1- 3 |  4- 6 |  7- 9 | 10-12 | 13-15 || total
-------------------------+-------+-------+-------+-------+-------++-------
Melee: War axe           |    58 |    81 |   284 |   359 |       ||   782
       Headbutt          |     5 |    12 |    43 |    80 |    13 ||   153
       Broad axe         |       |       |       |    67 |    68 ||   135
  Use: Scroll            |     4 |     6 |    11 |     3 |     3 ||    27
       Potion            |     3 |     5 |     7 |     4 |       ||    19
Armor: Scale mail        |    26 |    26 |     7 |    90 |    17 ||   166
       Plate armour      |       |       |   114 |    15 |       ||   129
       Skin              |       |       |     2 |       |       ||     2
       Chain mail        |       |       |       |    43 |       ||    43
Dodge: Dodged            |    25 |    29 |    50 |   112 |    17 ||   233
Block: Buckler           |    19 |    20 |     5 |       |       ||    44
       Tower shield      |       |       |   155 |   314 |    42 ||   511
